 Dungeon Crawl Stone Soup version 0.20.1-1-g8b1a95d (webtiles) character file.

55 LadyOphelia the Skirmisher (level 3, 0/33 HPs)
             Began as a Draconian Berserker on Aug 19, 2017.
             Was an Initiate of Fedhas.
             Slain by a polar bear (5 damage)
             ... created by the rage of Trog
             ... on level 2 of the Dungeon.
             The game lasted 00:06:40 (1432 turns).

LadyOphelia the Skirmisher (Draconian Berserker)    Turns: 1432, Time: 00:06:42

Health: 0/33       AC:  5    Str: 19    XL:     3   Next: 67%
Magic:  3/3        EV: 13    Int:  7    God:    Fedhas [......]
Gold:   89         SH:  0    Dex: 11    Spells: 2/2 levels left

rFire    . . .     SeeInvis .   a - +0 short sword
rCold    . . .     Gourm    .   (no shield)
rNeg     . . .     Faith    .   (armour unavailable)
rPois    +         Spirit   .   (helmet restricted)
rElec    .         Reflect  .   (no cloak)
rCorr    .         Harm     .   (no gloves)
MR       .....                  (no boots)
Stlth    +.........             (no amulet)
Regen    0.2/turn               j - ring of poison resistance
MPRegen  0.1/turn               (no ring)

@: no status effects
A: unfitting armour, cold-blooded, AC +5
a: Fungal Bloom, Renounce Religion


You were on level 2 of the Dungeon.
You worshipped Fedhas.
Fedhas was noncommittal.
You were near starving.

You visited 1 branch of the dungeon, and saw 2 of its levels.

You collected 89 gold pieces.

Inventory:

Hand Weapons
 a - a +0 short sword (weapon)
Jewellery
 j - a ring of poison resistance (left hand)
Scrolls
 c - a scroll of remove curse {unknown}
 e - 2 scrolls of blinking {unknown}
 g - 5 scrolls of identify {unknown}
 h - a scroll of amnesia {unknown}
 k - a scroll of immolation {unknown}
Potions
 f - a potion of curing {unknown}
 i - a potion of mutation {unknown}
 l - a potion of might {unknown}
Comestibles
 b - a bread ration
 d - 2 royal jellies


   Skills:
 + Level 4.0 Fighting
 + Level 3.6 Short Blades
 + Level 3.2 Dodging
 + Level 0.2 Stealth


You had 2 spell levels left.
You didn't know any spells.

Dungeon Overview and Level Annotations

Branches:
Dungeon (2/15)

Altars:
Fedhas
Xom


Innate Abilities, Weirdness & Mutations

Your plain brown scales are hard. (AC +5)
You cannot fit into any form of body armour.
You are cold-blooded and may be slowed by cold attacks.


Message History

The adder bites you but does no damage.
You closely miss the adder.
Your tail-slap misses the adder.
The adder is severely wounded.
The adder bites you but does no damage. x2
You completely miss the adder.
The adder is severely wounded.
The adder completely misses you.
You hit the adder. You tail-slap the adder.
You kill the adder!
Your Fighting skill increases to level 4!
You start resting.
Trog sends monsters to punish you. 2 polar bears and 2 black bears come into view.
The polar bear bites you!
The polar bear claws you but does no damage.
The polar bear claws you. The polar bear bites you!
* * * LOW HITPOINT WARNING * * *
The polar bear claws you.
You die...
Fedhas appreciates your contribution to the ecosystem.

.....#####+##.##################
...†..........................>##
..#+######.#..#####.........##...
..#.### #.#.## #.#######.##...
..#...# #.#.# #.....##.......
###...# #.#.######.....##.####.#
#...# #.#.. ..##†....##. #..
###...####.#####.##.......>....#.
..............h.@..............#.
..########+##.hhh...#.#<.......##
..# ...........#.#.......# # ...+
...........##.......... # ####
......%..........?...##.## .
.................##......# #
................ .s...<.# #
######.......... ........
........


You could see 2 polar bears and 2 black bears.

Vanquished Creatures
  3 adders (D:2)
  An ooze (D:2)
  A leopard gecko (D:1)
  4 giant cockroaches
  A goblin (D:2)
  3 hobgoblins (D:1)
  3 kobolds
  A quokka (D:2)
  2 ball pythons (D:2)
  A bat (D:1)
  2 frilled lizards
  A rat (D:1)
23 creatures vanquished.

Notes
Turn   | Place    | Note
-------+----------+-------------------------------------------
     0 | D:1      | LadyOphelia the Draconian Berserker began the quest for the Orb.
     0 | D:1      | Reached XP level 1. HP: 19/19 MP: 1/1
   345 | D:1      | Reached XP level 2. HP: 26/26 MP: 2/2
   810 | D:2      | Found a blossoming altar of Fedhas.
   823 | D:2      | Reached XP level 3. HP: 27/33 MP: 3/3
   940 | D:2      | Fell from the grace of Trog
   940 | D:2      | Became a worshipper of Fedhas Madash
   959 | D:2      | Found a shimmering altar of Xom.
  1410 | D:2      | Reached skill level 4 in Fighting
  1430 | D:2      | Noticed a black bear
  1430 | D:2      | Noticed a polar bear
  1430 | D:2      | Noticed a black bear
  1430 | D:2      | Noticed a polar bear
  1432 | D:2      | Slain by a polar bear

Skill      XL: |  1  2  3 |
---------------+----------+-----
Dodging        | 3 |  3.2
Fighting       | 4 |  4.0
Short Blades   | |  3.6
Stealth        | |  0.2

Action                   || total
-------------------------++-------
Melee: Short sword       ||   104
       Tailslap          ||    15
 Stab: Sleeping          ||     1
Armor: Skin              ||    32
Dodge: Dodged            ||    74
